AoeStats
← 断天泪

Nomad

510132556Analyzed
2v2 RM · 4d ago on Sep 29, 2026· 44m 18s· 4 players
Game mode
Random Map
Map size
176×176
Population
200
Speed
Normal
Resources
Standard
Victory
Conquest
Starting age
Dark Age
Ending age
Imperial Age
RankedLock teamsTeams togetherTeam positionsShared explorationLock speedFull tech treeHidden civsTurbo modeCheats
Victory
Defeat
🇬🇧 Berbers · United Kingdom
787
+16
🇬🇧 Koreans · United Kingdom
767
+17
🇨🇳 Malay · China
826
-18
🇫🇷 Romans · France
756
-15
GreenShell94
6:16 Loom
14:49 Feudal Age
17:39 Wheelbarrow
17:03 Double-Bit Axe
17:12 Gold Mining
17:17 Stone Mining
18:06 Fishing Lines
25:12 Castle Age
23:10 Fletching
26:50 Bodkin Arrow
35:08 Murder Holes
38:15 Imperial Age
35:55 Thumb Ring
35:13 Crossbowman
37:03 Ballistics
39:00 Hand Cart
41:00 Gold Shaft Mining
40:39 Bow Saw
40:17 Horse Collar
43:59 Chemistry
42:48 Arbalester
LoneRanger1994
9:37 Loom
16:46 Feudal Age
17:20 Double-Bit Axe
17:18 Horse Collar
19:19 Wheelbarrow
18:32 Fishing Lines
23:14 Castle Age
22:57 Gold Mining
22:58 Stone Mining
23:26 Bloodlines
24:15 Fletching
24:32 Scale Barding Armor
25:10 Light Cavalry
27:36 Hand Cart
29:32 Forging
31:50 Husbandry
32:40 Chain Barding Armor
38:12 Imperial Age
36:23 Thumb Ring
37:55 Heavy Plow
38:11 Bow Saw
38:51 Iron Casting
39:17 Heavy Camel Rider
41:15 Conscription
42:32 Chemistry
41:53 Ballistics
42:03 Hussar
44:07 Blast Furnace
raz_mary
5:37 Loom
13:42 Feudal Age
21:16 Castle Age
20:08 Man-at-Arms
20:46 Stone Mining
23:26 Horse Collar
23:11 Long Swordsman
24:26 Town Watch
24:43 Fishing Lines
27:28 Gillnets
29:15 Double-Bit Axe
32:26 Pikeman
34:41 Wheelbarrow
34:25 Heavy Plow
36:22 Hand Cart
41:01 Imperial Age
39:29 Town Patrol
断天泪
19:11 Feudal Age
18:58 Fishing Lines
21:06 Double-Bit Axe
28:22 Castle Age
27:50 Loom
28:40 Wheelbarrow
27:50 Town Watch
28:20 Gillnets
28:47 Bow Saw
28:30 Gold Mining
28:30 Stone Mining
29:25 Medium Warships
31:33 Hand Cart
31:18 Town Patrol
32:30 Treadmill Crane
34:37 Gold Shaft Mining
33:52 Stone Mining
35:35 Ballistics
40:04 Imperial Age
38:47 Forging
38:42 Scale Barding Armor
40:42 Chemistry
39:41 Murder Holes
39:54 Siege Engineers
41:41 Stone Shaft Mining
40:45 Elite Karambit Warrior
41:31 Thalassocracy
41:53 Conscription
41:14 Elite Cannon Galleon
42:33 Heavy Warships
44:01 Iron Casting
Connection lost

Rejoining the realm…

Still unreachable

The connection could not be restored.

Session expired

The server has moved on; the page needs a fresh start.